 Dungeon Crawl Stone Soup version 0.30-a0-715-gdb4ae3ece1 (webtiles) character file.

Game seed: 11026019807809695126

106 Caratheodory the Shooter (level 4, -1/37 HPs)
             Began as a Barachi Hunter on Jan 24, 2023.
             Killed by divine providence
             ... invoked by an orc priest
              (16 damage)
             ... on level 3 of the Dungeon.
             The game lasted 00:05:06 (2893 turns).

Caratheodory the Shooter (Barachi Hunter)           Turns: 2893, Time: 00:05:07

Health: -1/37      AC:  9    Str: 13    XL:     4   Next: 84%
Magic:  4/4        EV: 13    Int:  9    God:
Gold:   105        SH:  0    Dex: 17    Spells: 3/3 levels left

rFire   . . .      SeeInvis .    a - +0 shortbow
rCold   . . .      Faith    .    (shield currently unavailable)
rNeg    . . .      Spirit   .    j - +3 leather armour
rPois   .          Reflect  .    (no helmet)
rElec   .          Harm     .    h - +2 cloak
rCorr   .          Rampage  .    (no gloves)
Will    .....                    (no boots)
Stlth   ++                       (no amulet)
HPRegen 0.26/turn                c - ring of flight
MPRegen 0.09/turn                (no ring)

@: unable to hop, flying, slow
A: amphibious, slowness 1, strong legs 1, +LOS
a: Hop


You were on level 3 of the Dungeon.
You visited 1 branch of the dungeon, and saw 3 of its levels.

You collected 105 gold pieces.

Inventory:

Hand Weapons
 a - a +0 shortbow (weapon)
Armour
 h - a +2 cloak (worn)
 j - a +3 leather armour (worn)
Jewellery
 c - a ring of flight (left hand)
Scrolls
 b - a scroll of immolation
 d - 2 scrolls of amnesia {unknown}
 f - a scroll of teleportation {unknown}
 l - a scroll of enchant armour {unknown}
Potions
 e - 2 potions of haste
 g - 2 potions of lignification
 k - a potion of degeneration {unknown}
 m - a potion of ambrosia {unknown}
 n - 2 potions of might
 o - a potion of flight {unknown}
 p - 2 potions of curing
 q - a potion of attraction {unknown}


   Skills:
 + Level 3.9 Fighting
 + Level 4.8 Ranged Weapons
 + Level 3.5 Dodging
 - Level 0.8 Stealth


You had 3 spell levels left.
You didn't know any spells.
Your spell library contained the following spells:

 Spells                   Type           Power      Damage    Failure   Level
 Tukima's Dance           Hex            0%         N/A       83%         3
 Passage of Golubria      Tloc           0%         N/A       99%         4
 Yara's Violent Unravell  Hex/Tmut       0%         3d3       100%        5


Dungeon Overview and Level Annotations

Branches:
Dungeon (3/15)

Altars:

Shops:
D:1 [

Annotations:
D:2 1 runed translucent door, Crazy Yiuf
D:3 Grinder


Innate Abilities, Weirdness & Mutations

You are amphibious.
You cover ground slowly.
You can hop short distances.
You have an extended range of vision and can be seen from far away.


Message History

Something hits you but does no damage.
Fire: a) +0 shortbow
Press: ? - help, Q - select action, (/) - cycle Shift-Dir - straight line, f/p - orc priest
Aim: an orc priest, wielding a +0 hand axe (63% to hit)
You shoot an arrow. The arrow hits the orc priest!
The orc priest is heavily wounded.
The orc priest hits you with a +0 hand axe.
The orc hits you with a +0 whip. Something hits you but does no damage.
You hear some strange, mumbled words.
Something tries to affect you, but you resist.
The orc hits you but does no damage.
The orc priest hits you but does no damage.
Fire: a) +0 shortbow
Press: ? - help, Q - select action, (/) - cycle Shift-Dir - straight line, f/p - orc priest
Aim: an orc priest, wielding a +0 hand axe (heavily wounded, 63% to hit)
You shoot an arrow.
The arrow hits the orc priest but does no damage.
The orc priest is heavily wounded.
The orc priest barely misses you. The orc hits you but does no damage.
Something hits you.
Hop to where?
Press: ? - help, Dir - move target, p - orc priest Boing!
A puff of flame appears from out of thin air!
The puff of flame hits you.
Fire: a) +0 shortbow
Press: ? - help, Q - select action, (/) - cycle Shift-Dir - straight line, f - orc priest
Aim: an orc priest, wielding a +0 hand axe (sparse dust, heavily wounded, 63% to hit)
You shoot an arrow. The arrow barely misses the orc priest.
Fire: a) +0 shortbow
Press: ? - help, Q - select action, (/) - cycle Shift-Dir - straight line, f/p - orc priest
Aim: an orc priest, wielding a +0 hand axe (heavily wounded, 63% to hit)
You shoot an arrow.
The arrow hits the orc priest but does no damage.
The orc priest is heavily wounded.
The orc priest invokes the aid of Beogh against you.
Beogh smites you!
The orc priest mumbles some strange prayers to Beogh against you.
Beogh smites you!
You die...

#####..#.#.#.# #.#
#.......#.# #.#
#..>#.#.#.# #.#
#.......#.########.#
#(...##.............
#.#...###.########..
#.#.#...### #......
#.#.###...####......
#.#@#####..).#......
#...................
###o########........
#..{o...# ##.######
#..)....# #.#
#.......#####.#
######.........
#)...##...
.......)....#


You could see an orc priest and an orc.

Vanquished Creatures
  An iguana (D:2)
  2 adders (D:3)
  A worm (D:2)
  2 dart slugs
  2 orcs (D:3)
  4 endoplasms
  2 giant cockroaches (D:1)
  4 hobgoblins
  6 jackals (D:1)
  3 kobolds (D:1)
  2 quokkas (D:1)
  3 ball pythons
  6 bats
  4 frilled lizards
  5 goblins
  5 rats
52 creatures vanquished.

Notes
Turn   | Place    | Note
-------+----------+-------------------------------------------
     0 | D:1      | Caratheodory the Barachi Hunter began the quest for the
                  | Orb.
     0 | D:1      | Reached XP level 1. HP: 17/17 MP: 1/1
    17 | D:1      | Noticed a minotaur skeleton
    84 | D:1      | Found Icod's Armour Shop.
   129 | D:1      | Reached XP level 2. HP: 23/23 MP: 2/2
   307 | D:1      | Reached XP level 3. HP: 29/29 MP: 3/3
   946 | D:2      | Reached XP level 4. HP: 26/35 MP: 4/4
  1468 | D:2      | Found a runed translucent door.
  1469 | D:2      | Noticed Crazy Yiuf
  1890 | D:3      | Noticed Grinder
  1935 | D:3      | Paralysed by Grinder for 3 turns
  2144 | D:3      | Paralysed by Grinder for 2 turns
  2189 | D:3      | Paralysed by Grinder for 4 turns
  2893 | D:3      | Killed from afar by an orc priest

Illustrated notes

Levels and vault maps discovered:
D:1:      shiori_arrival_whats_in_store_for_you, layout_basic, serial_shops,
          shop
D:2:      minmay_evil_eye, layout_loops_corners, minmay_goblin_kobold_house,
          uniq_crazy_yiuf_cottage
D:3:      layout_basic, hangedman_abyss_or_decor_lesser_grid, uniq_grinder

Skill      XL: |  1  2  3 |
---------------+----------+-----
Fighting       | 3 |  3.9
Dodging        | 3 |  3.5
Ranged Weapons | |  4.8
Stealth        | |  0.8

Action                     |  1- 3 |  4- 6 || total
---------------------------+-------+-------++-------
  Melee: Unarmed           |       |     1 ||     1
   Fire: Shortbow          |   101 |    90 ||   191
Ability: Hop               |       |     1 ||     1
    Use: Scroll            |       |     4 ||     4
 Armour: Leather armour    |    27 |    21 ||    48
  Dodge: Dodged            |    38 |    39 ||    77

Table legend: (Time is in decaauts)
 A = Elapsed time spent in this place.
 B = Non-inter-level travel time spent in this place.
 C = Inter-level travel time spent in this place.
 D = Time resting spent in this place.
 E = Time spent auto-exploring this place.
 F = Levels seen in this place.
 G = Mean time per level.
                   A        B        C        D        E       F      G
               +--------+--------+--------+--------+--------+-----+--------+
         Total |   3373 |   2927 |    446 |     52 |   2416 |   3 | 1124.3 |
       Dungeon |   3373 |   2927 |    446 |     52 |   2416 |   3 | 1124.3 |
               +--------+--------+--------+--------+--------+-----+--------+

Top non-repeatable levels by time:
     D:2: 2203 daAuts
     D:1: 781 daAuts
     D:3: 388 daAuts
